 Dungeon Crawl Stone Soup version 0.21-a0-348-ga060c75 (webtiles) character file.

161 Eptagon the Slasher (level 5, -7/43 HPs)
             Began as a Gnoll Wanderer on Oct 6, 2017.
             Was an Initiate of Ashenzari.
             Killed by nerve-wracking pain
             ... invoked by Grinder
              (11 damage)
             ... on level 4 of the Dungeon.
             The game lasted 00:12:18 (4616 turns).

Eptagon the Slasher (Gnoll Wanderer)                Turns: 4616, Time: 00:12:18

Health: -7/43      AC:  5    Str: 12    XL:     5   Next: 42%
Magic:  1/12       EV: 11    Int: 17    God:    Ashenzari [......]
Gold:   123        SH:  0    Dex: 15    Spells: 5/14 levels left

rFire    . . .     SeeInvis .   c - +0 flail
rCold    . . .     Gourm    .   (no shield)
rNeg     . . .     Faith    .   v - +2 leather armour {rPois}
rPois    +         Spirit   .   (no helmet)
rElec    .         Reflect  .   (no cloak)
rCorr    .         Harm     .   (no gloves)
MR       .....                  (no boots)
Stlth    ++........             (no amulet)
HPRegen  0.14/turn              (no ring)
MPRegen  0.13/turn              (no ring)

@: no status effects
A: distributed training, fangs 1, strong nose
a: Curse Item, Renounce Religion


You were on level 4 of the Dungeon.
You worshipped Ashenzari.
Ashenzari was noncommittal.
You were not hungry.

You visited 1 branch of the dungeon, and saw 4 of its levels.

You collected 123 gold pieces.

Inventory:

Hand Weapons
 a - a +2 dagger of draining
 b - a +0 war axe
 c - a +0 flail (weapon)
 d - a +0 trident
Armour
 v - a +2 leather armour of poison resistance (worn)
Jewellery
 m - an uncursed ring of fire
Wands
 k - a wand of digging (3/24)
 t - a wand of acid (6/15)
Scrolls
 e - 2 scrolls of enchant weapon {unknown}
 g - a scroll of blinking {unknown}
 j - a scroll of magic mapping {unknown}
 l - a scroll of recharging {unknown}
 q - a scroll of fog
 r - a scroll of noise {unknown}
 s - a scroll of teleportation {unknown}
 u - 2 scrolls of identify {unknown}
Potions
 i - 2 potions of lignification
 n - 2 potions of heal wounds {unknown}
 o - 2 potions of haste {unknown}
 w - a potion of ambrosia {unknown}
Books
 p - a book of Minor Magic

   Spells                             Type                      Level
   a - Magic Dart                     Conjuration                  1
   b - Blink                          Translocation                2
   c - Call Imp                       Summoning                    2
   d - Slow                           Hexes                        2
   e - Conjure Flame                  Conjuration/Fire             3
   f - Mephitic Cloud                 Conjuration/Poison/Air       3
Comestibles
 f - 2 bread rations
 h - 2 meat rations


   Skills:
 + Level 4.8 Fighting
 + Level 1.4 Short Blades
 + Level 6.7 Long Blades
 + Level 1.4 Axes
 + Level 1.4 Maces & Flails
 + Level 1.4 Polearms
 + Level 1.4 Staves
 + Level 1.4 Slings
 + Level 1.4 Bows
 + Level 1.4 Crossbows
 + Level 3.0 Throwing
 + Level 1.4 Armour
 + Level 1.4 Dodging
 + Level 1.4 Stealth
 + Level 1.4 Shields
 + Level 1.4 Unarmed Combat
 + Level 5.2 Spellcasting
 + Level 1.4 Conjurations
 + Level 1.4 Hexes
 + Level 1.4 Charms
 + Level 1.4 Summonings
 + Level 3.0 Necromancy
 + Level 1.4 Translocations
 + Level 1.4 Transmutations
 + Level 1.4 Fire Magic
 + Level 1.4 Ice Magic
 + Level 1.4 Air Magic
 + Level 1.4 Earth Magic
 + Level 1.4 Poison Magic
 + Level 1.4 Invocations
 + Level 3.0 Evocations


You had 5 spell levels left.
You knew the following spells:

 Your Spells              Type           Power        Failure   Level  Hunger
a - Magic Dart            Conj           #...         10%         1    None
b - Blink                 Tloc           N/A          14%         2    #......
c - Conjure Flame         Conj/Fire      #.......     28%         3    ###....
A - Apportation           Tloc           #.....       10%         1    None
C - Call Imp              Summ           #.......     14%         2    #......


Dungeon Overview and Level Annotations

Branches:
Dungeon (4/15)
 Temple: D:4-7

Altars:
Ashenzari
Trog

Annotations:
D:4 Grinder


Innate Abilities, Weirdness & Mutations

Your experience applies equally to all skills.
You have very sharp teeth.
Your uncanny sense of smell can sniff out nearby items.


Message History

You closely miss Grinder.
Grinder is almost dead.
Grinder gestures at you.
You suddenly lose the ability to move!
Grinder hits you but does no damage. Grinder hits you but does no damage. x2
You feel less wooden.
Your +2 leather armour of poison resistance unmelds from your body.
You feel resistant to poison. Grinder hits you!
* * * LOW HITPOINT WARNING * * *
You writhe in agony.
* * * LOW HITPOINT WARNING * * *
You can move again.
You completely miss Grinder.
Grinder is almost dead.
Grinder completely misses you.
You closely miss Grinder.
Grinder is almost dead.
Grinder gestures at you. Pain shoots through your body!
You die... ############### #........5@..<# #.############# #. #. #$ #{ #. #.

You could see Grinder.

Vanquished Creatures
  2 adders
  4 oozes
  4 dart slugs
  10 orcs (D:3)
  A ball python (D:2)
  5 giant cockroaches
  10 goblins
  9 hobgoblins
  A quokka (D:3)
  3 bats
  5 frilled lizards
  7 kobolds
  9 rats
70 creatures vanquished.

Vanquished Creatures (collateral kills)
  2 orc priests (D:3)
  A worm (D:2)
  An orc (D:3)
  A goblin (D:2)
  A hobgoblin (D:2)
6 creatures vanquished.

Grand Total: 76 creatures vanquished

Notes
Turn   | Place    | Note
-------+----------+-------------------------------------------
     0 | D:1      | Eptagon the Gnoll Wanderer began the quest for the Orb.
     0 | D:1      | Eptagon set off with: a book of Minor Magic, the Incunabulum of Attacks, the Grimoire of Black Arts, a +0 robe, a +0 dagger, a bread ration
     0 | D:1      | Reached XP level 1. HP: 20/20 MP: 6/6
   417 | D:1      | Identified the Incunabulum of Attacks
   417 | D:1      | Identified the Grimoire of Black Arts
   419 | D:1      | Learned a level 1 spell: Magic Dart
   450 | D:1      | Reached XP level 2. HP: 6/26 MP: 3/7
   704 | D:1      | Learned a level 2 spell: Blink
   944 | D:1      | Reached XP level 3. HP: 30/31 MP: 7/9
  1028 | D:1      | Reached skill level 5 in Spellcasting
  1920 | D:2      | Reached skill level 1 in Short Blades
  1920 | D:2      | Reached skill level 1 in Axes
  1920 | D:2      | Reached skill level 1 in Maces & Flails
  1920 | D:2      | Reached skill level 1 in Polearms
  1920 | D:2      | Reached skill level 1 in Staves
  1920 | D:2      | Reached skill level 1 in Slings
  1920 | D:2      | Reached skill level 1 in Bows
  1920 | D:2      | Reached skill level 1 in Crossbows
  1920 | D:2      | Reached skill level 1 in Armour
  1920 | D:2      | Reached skill level 1 in Dodging
  1920 | D:2      | Reached skill level 1 in Stealth
  1920 | D:2      | Reached skill level 1 in Shields
  1920 | D:2      | Reached skill level 1 in Unarmed Combat
  1920 | D:2      | Reached skill level 1 in Conjurations
  1920 | D:2      | Reached skill level 1 in Hexes
  1920 | D:2      | Reached skill level 1 in Charms
  1920 | D:2      | Reached skill level 1 in Summonings
  1920 | D:2      | Reached skill level 1 in Translocations
  1920 | D:2      | Reached skill level 1 in Transmutations
  1920 | D:2      | Reached skill level 1 in Fire Magic
  1920 | D:2      | Reached skill level 1 in Ice Magic
  1920 | D:2      | Reached skill level 1 in Air Magic
  1920 | D:2      | Reached skill level 1 in Earth Magic
  1920 | D:2      | Reached skill level 1 in Poison Magic
  1920 | D:2      | Reached skill level 1 in Invocations
  1975 | D:2      | Learned a level 3 spell: Conjure Flame
  2140 | D:2      | Learned a level 2 spell: Call Imp
  2439 | D:2      | Reached XP level 4. HP: 34/38 MP: 11/11
  2911 | D:2      | Found a shattered altar of Ashenzari.
  2936 | D:2      | Became a worshipper of Ashenzari the Shackled
  3811 | D:3      | Reached XP level 5. HP: 41/43 MP: 8/12
  3956 | D:3      | Learned a level 1 spell: Apportation
  4251 | D:3      | Found a bloodstained altar of Trog.
  4418 | D:4      | Noticed Grinder
  4576 | D:4      | Paralysed by Grinder for 2 turns
  4582 | D:4      | Paralysed by Grinder for 6 turns
  4604 | D:4      | Paralysed by Grinder for 2 turns
  4611 | D:4      | Paralysed by Grinder for 4 turns
  4616 | D:4      | Killed from afar by Grinder

Vault maps used:
D:1:      erik_arrival_gehennom
D:2:      first_bread, nicolae_ashenzari_panopticon
D:3:      bloody_trog
D:4:      uniq_grinder

Skill      XL: |  1  2  3  4  5 |
---------------+----------------+-----
Spellcasting   | 5 |  5.2
Short Blades   | 1 |  1.4
Axes           | 1 |  1.4
Maces & Flails | 1 |  1.4
Polearms       | 1 |  1.4
Staves         | 1 |  1.4
Slings         | 1 |  1.4
Bows           | 1 |  1.4
Crossbows      | 1 |  1.4
Armour         | 1 |  1.4
Dodging        | 1 |  1.4
Stealth        | 1 |  1.4
Shields        | 1 |  1.4
Unarmed Combat | 1 |  1.4
Conjurations   | 1 |  1.4
Hexes          | 1 |  1.4
Charms         | 1 |  1.4
Summonings     | 1 |  1.4
Translocations | 1 |  1.4
Transmutations | 1 |  1.4
Fire Magic     | 1 |  1.4
Ice Magic      | 1 |  1.4
Air Magic      | 1 |  1.4
Earth Magic    | 1 |  1.4
Poison Magic   | 1 |  1.4
Invocations    | 1 |  1.4
Throwing       | 3 |  3.0
Necromancy     | 3 |  3.0
Evocations     | 3 |  3.0
Fighting       | |  4.8
Long Blades    | |  6.7

Action                   |  1- 3 |  4- 6 || total
-------------------------+-------+-------++-------
Melee: Dagger            |   149 |    78 ||   227
       Bite              |    17 |    10 ||    27
       Punch             |     1 |     1 ||     2
       War axe           |       |    11 ||    11
       Flail             |       |    21 ||    21
       Trident           |       |     2 ||     2
 Cast: Magic Dart        |    58 |    17 ||    75
       Call Imp          |     5 |     8 ||    13
       Blink             |     5 |       ||     5
       Conjure Flame     |     2 |       ||     2
  Use: Scroll            |     2 |       ||     2
       Potion            |       |     1 ||     1
 Stab: Sleeping          |     2 |       ||     2
       Distracted        |       |     1 ||     1
  Eat: Chunk             |     5 |     7 ||    12
Armor: Robe              |    24 |     6 ||    30
       Ring mail         |       |     8 ||     8
       Skin              |       |    16 ||    16
       Leather armour    |       |     2 ||     2
Dodge: Dodged            |    87 |    55 ||   142

Table legend:
 A = Spawn XP
 B = Non-spawn XP
 C = Spawn XP percentage of total XP
 D = Spawn monster count
 E = Non-spawn monster count
 F = Spawn count percentage of total count
 G = Total turns spent on level
                    A         B        C        D         E        F      G
               +---------+---------+-------+---------+---------+-------+---------
         Total |       0 |     231 |   0.0 |       0 |      76 |   0.0 |  4616
               +---------+---------+-------+---------+---------+-------+---------
           D:1 |       0 |      71 |   0.0 |       0 |      34 |   0.0 |  1885
           D:2 |       0 |      50 |   0.0 |       0 |      19 |   0.0 |  1552
           D:3 |       0 |     110 |   0.0 |       0 |      23 |   0.0 |  1071
               +---------+---------+-------+---------+---------+-------+---------
